 Dungeon Crawl Stone Soup version 0.19.0-19-g8c6edcc (webtiles) character file.

6990 grisgris the Thaumaturge (level 10, -1/50 HPs)
             Began as a Deep Elf Conjurer on Nov 12, 2016.
             Was a Priest of Vehumet.
             Slain by a skeletal warrior
             ... wielding a +0 flail
             ... led by a skeletal warrior
              (27 damage)
             ... on level 10 of the Dungeon.
             The game lasted 00:39:50 (10669 turns).

grisgris the Thaumaturge (Deep Elf Conjurer)       Turns: 10669, Time: 00:39:51

Health: -1/50      AC: 10    Str:  5    XL:     10   Next: 81%
Magic:  19/38      EV: 13    Int: 24    God:    Vehumet [***...]
Gold:   714        SH:  0    Dex: 15    Spells: 7 memorised, 18 levels left

rFire  . . .     SeeInvis .     I - +2 dagger (protect)
rCold  . . .     Gourm    .     D - +2 robe {rN+}
rNeg   + . .     Faith    .     (no shield)
rPois  .         Spirit   .     (no helmet)
rElec  .         Reflect  .     p - +0 cloak
rCorr  .         Harm     .     l - +2 pair of gloves
MR     +....                    n - +1 pair of boots
Stlth  ++........               (no amulet)
                                t - ring of wizardry
                                G - ring of magical power

@: no status effects
A: no striking features
a: Renounce Religion


You were on level 10 of the Dungeon.
You worshipped Vehumet.
Vehumet was most pleased with you.
You were not hungry.

You visited 1 branch of the dungeon, and saw 11 of its levels.

You collected 714 gold pieces.

Inventory:

Hand Weapons
 I - a +2 dagger of protection (weapon)
Armour
 l - a +2 pair of gloves (worn)
 n - a +1 pair of boots (worn)
 p - a +0 cloak (worn)
 y - a +0 robe of cold resistance
 D - a +2 robe of positive energy (worn)
Jewellery
 i - a +6 ring of evasion
 j - a +5 ring of dexterity
 t - a ring of wizardry (right hand)
 v - a +4 ring of intelligence
 z - an uncursed ring of resist corrosion
 G - a ring of magical power (left hand)
Wands
 a - a wand of digging (24/24)
 e - a wand of flame (48/48)
 o - a wand of flame (48/48)
 r - a wand of random effects (27/48)
 E - a wand of acid (15/15)
Scrolls
 g - a scroll of remove curse
 k - a scroll of amnesia
 A - 2 scrolls of identify
 B - a scroll of fog
Potions
 d - 2 potions of ambrosia {unknown}
 h - 2 potions of brilliance
 q - 5 potions of curing
 s - a potion of agility
 u - 2 potions of berserk rage
 C - a potion of might
 H - a potion of cure mutation
Books
 b - a book of Conjurations

   Spells                             Type                      Level
   a - Magic Dart                     Conjuration                  1
   b - Searing Ray                    Conjuration                  2
   c - Dazzling Spray                 Conjuration/Hexes            3
   d - Fulminant Prism                Conjuration/Hexes            4
   e - Iskenderun's Mystic Blast      Conjuration                  4
   f - Iskenderun's Battlesphere      Conjuration/Charms           5
 F - a book of Frost

   Spells                             Type                      Level
   a - Freeze                         Ice                          1
   b - Throw Frost                    Conjuration/Ice              2
   c - Ozocubu's Armour               Charms/Ice                   3
   d - Throw Icicle                   Conjuration/Ice              4
   e - Summon Ice Beast               Ice/Summoning                4
Comestibles
 c - 8 bread rations
 f - 2 meat rations
 w - a beef jerky
 x - 6 fruits
 J - a chunk of flesh


   Skills:
 - Level 0.2 Short Blades
 - Level 3.2 Dodging
 - Level 3.6 Stealth
 + Level 13.7 Spellcasting
 + Level 12.5 Conjurations
 - Level 4.6 Charms
 * Level 7.6 Fire Magic


You had 18 spell levels left.
You knew the following spells:

 Your Spells              Type           Power        Failure   Level  Hunger
a - Magic Dart            Conj           ####         1%          1    None
b - Searing Ray           Conj           ######       1%          2    None
c - Iskenderun's Mystic   Conj           ######..     1%          4    None
d - Iskenderun's Battles  Conj/Chrm      ######..     1%          5    ###....
e - Flame Tongue          Conj/Fire      #####        1%          1    None
f - Throw Flame           Conj/Fire      ######       1%          2    None
g - Conjure Flame         Conj/Fire      ######..     1%          3    None


Dungeon Overview and Level Annotations

Branches:
Dungeon (11/15)            Temple (0/1) D:7
   Lair: D:8-11         Orc: D:9-12

Altars:
Ashenzari
Kikubaaqudgha
Qazlal
Sif Muna
Uskayaw
Vehumet
Zin
The Shining One


Message History

The skeletal warrior is moderately damaged.
The skeletal warrior hits you with a flail.
The searing ray hits the skeletal warrior.
The skeletal warrior is moderately damaged.
Your battlesphere fires!
The barrage of energy hits the skeletal warrior.
The skeletal warrior is heavily damaged.
The skeletal warrior hits you with a flail!
* * * LOW HITPOINT WARNING * * *
You feel much better.
The skeletal warrior hits you with a flail!
Casting: Searing Ray
Confirm with . or Enter, or press ? or * to list all spells.
Aiming: Searing Ray
Press: ? - help, Shift-Dir - straight line, f/p - skeletal warrior
Aim: a skeletal warrior, wielding a flail (heavily damaged)
Okay, then.
The skeletal warrior hits you with a flail!!
Ouch! That really hurt!
You die...

#########################
#.....#.>..*.............
#.....#.z................
#.....#.@................
#.....#..................
#.....######..........#..
#.....................#..
#.....................#..
#.....................#..
############....#.....#..
#..........#....#.....###
#..........#....#........


You could see a skeletal warrior and a friendly battlesphere.

Vanquished Creatures
  Snorg (D:10)
  A hill giant (D:10)
  2 ugly things
  2 hippogriffs
  A spriggan (D:10)
  Eustachio (D:5)
  2 hungry ghosts
  A soldier ant (D:9)
  Duvessa (D:6)
  A sky beast (D:9)
  The ghost of lorenzova the Ducker, an amateur TrMo (D:3)
  2 ice beasts (D:8)
  A phantom (D:4)
  A necrophage (D:8)
  3 ogres
  3 centaurs
  5 big kobolds
  Blork the orc (D:5)
  5 bullfrogs
  A wyvern skeleton (D:9)
  Dowan (D:6)
  3 scorpions
  8 wights
  4 howler monkeys
  5 crimson imps
  4 hounds
  3 orc priests
  2 centaur skeletons
  A jelly (D:10)
  7 orc wizards
  2 iguanas
  8 worker ants
  A statue (D:4)
  2 worker ant zombies
  Robin (D:2)
  5 adders
  2 shadow imps
  An ooze (D:3)
  2 adder zombies
  An adder skeleton (D:7)
  2 worms (D:2)
  A dart slug (D:1)
  6 leopard geckos
  40 orcs
  3 bats
  5 giant cockroaches
  13 goblins
  4 hobgoblins
  7 jackals
  35 kobolds
  6 quokkas
  A ball python (D:2)
  A ball python skeleton (D:5)
  3 frilled lizards
  A leopard gecko skeleton (D:4)
  7 rats
234 creatures vanquished.

Vanquished Creatures (others)
  A scorpion (D:7)
1 creature vanquished.

Grand Total: 235 creatures vanquished

Notes
Turn   | Place    | Note
-------+----------+-------------------------------------------
     0 | D:1      | grisgris the Deep Elf Conjurer began the quest for the Orb.
     0 | D:1      | Reached XP level 1. HP: 10/10 MP: 6/6
     3 | D:1      | Noticed an electric eel
     3 | D:1      | Noticed an electric eel
   152 | D:1      | Reached XP level 2. HP: 15/15 MP: 4/8
   156 | D:1      | Learned a level 2 spell: Searing Ray
   586 | D:1      | Reached skill level 5 in Conjurations
  1305 | D:2      | Reached XP level 3. HP: 19/19 MP: 5/9
  1582 | D:2      | Reached XP level 4. HP: 24/24 MP: 2/11
  1671 | D:2      | Learned a level 4 spell: Iskenderun's Mystic Blast
  1746 | D:2      | Noticed Robin
  1767 | D:2      | Killed Robin
  1773 | D:2      | Reached skill level 4 in Spellcasting
  2051 | D:2      | Reached skill level 11 in Spellcasting
  2051 | D:2      | Reached skill level 10 in Conjurations
  2051 | D:2      | Reached XP level 5. HP: 28/28 MP: 12/20
  2229 | D:2      | Learned a level 5 spell: Iskenderun's Battlesphere
  2479 | D:3      | Found a shattered altar of Ashenzari.
  2530 | D:3      | Noticed lorenzova's ghost (amateur TrMo)
  2549 | D:3      | Killed lorenzova's ghost
  2549 | D:3      | Reached XP level 6. HP: 30/32 MP: 13/22
  3256 | D:4      | Found a glowing golden altar of the Shining One.
  3760 | D:4      | Reached skill level 1 in Charms
  3761 | D:4      | Reached XP level 7. HP: 32/36 MP: 18/23
  3778 | D:4      | Found a radiant altar of Vehumet.
  3801 | D:4      | Became a worshipper of Vehumet
  3844 | D:4      | Found a glowing silver altar of Zin.
  4116 | D:5      | Entered Level 5 of the Dungeon
  4153 | D:5      | Found a hide-covered altar of Uskayaw.
  4453 | D:5      | Found a deep blue altar of Sif Muna.
  4783 | D:5      | Noticed Blork the orc
  4783 | D:5      | Noticed Eustachio
  4787 | D:5      | Killed Eustachio
  4787 | D:5      | Killed Blork the orc
  5196 | D:6      | Noticed Duvessa
  5196 | D:6      | Noticed Dowan
  5200 | D:6      | Killed Dowan
  5200 | D:6      | Reached XP level 8. HP: 41/41 MP: 9/25
  5201 | D:6      | Killed Duvessa
  5455 | D:6      | Reached skill level 12 in Spellcasting
  6632 | D:7      | Found a staircase to the Ecumenical Temple.
  6746 | D:7      | Reached * piety under Vehumet
  6746 | D:7      | Offered knowledge of Flame Tongue by Vehumet.
  6749 | D:7      | Learned a level 1 spell: Flame Tongue
  6941 | D:7      | Reached XP level 9. HP: 39/45 MP: 19/27
  7147 | D:7      | Found a stormy altar of Qazlal.
  7366 | D:8      | Reached skill level 1 in Fire Magic
  7369 | D:8      | Noticed a green ugly thing
  7379 | D:8      | Killed a green ugly thing
  8084 | D:8      | Reached skill level 13 in Spellcasting
  8144 | D:8      | Offered knowledge of Sandblast by Vehumet.
  8454 | D:9      | Reached ** piety under Vehumet
  8917 | D:9      | Reached skill level 5 in Fire Magic
  8917 | D:9      | Reached XP level 10. HP: 50/50 MP: 27/29
  9229 | D:9      | Offered knowledge of Throw Flame by Vehumet.
  9317 | D:9      | Learned a level 2 spell: Throw Flame
  9618 | D:9      | Found an ancient bone altar of Kikubaaqudgha.
  9689 | D:10     | Entered Level 10 of the Dungeon
  9708 | D:10     | Noticed a hill giant
  9713 | D:10     | Killed a hill giant
  9733 | D:10     | Reached *** piety under Vehumet
 10164 | D:10     | Noticed Snorg
 10169 | D:10     | Killed Snorg
 10498 | D:10     | Noticed a cyan ugly thing
 10500 | D:10     | Killed a cyan ugly thing
 10506 | D:10     | Offered knowledge of Conjure Flame by Vehumet.
 10511 | D:10     | Learned a level 3 spell: Conjure Flame
 10657 | D:11     | Noticed a skeletal warrior
 10657 | D:11     | Noticed a skeletal warrior
 10657 | D:11     | Noticed a skeletal warrior
 10660 | D:11     | Noticed a skeletal warrior
 10669 | D:10     | Slain by a skeletal warrior

Skill      XL: |  1  2  3  4  5  6  7  8  9 10 |
---------------+-------------------------------+-----
Conjurations   | 5 10 11 12 | 12.5
Spellcasting   | 11 12 13 | 13.7
Stealth        | 3 |  3.6
Charms         | 1 2 4 |  4.6
Dodging        | 3 |  3.2
Fire Magic     | 5 7 |  7.6
Short Blades   | |  0.2

Action                   |  1- 3 |  4- 6 |  7- 9 | 10-12 || total
-------------------------+-------+-------+-------+-------++-------
Melee: Dagger            |     8 |     3 |     2 |     1 ||    14
 Cast: Magic Dart        |    50 |    42 |    86 |    23 ||   201
       Searing Ray       |     5 |    14 |    18 |     4 ||    41
       Iskenderun's Myst |       |     3 |    60 |    42 ||   105
       Iskenderun's Batt |       |     1 |    22 |    15 ||    38
       Flame Tongue      |       |       |     5 |       ||     5
       Throw Flame       |       |       |       |    11 ||    11
  Use: Scroll            |     3 |    11 |    15 |     5 ||    34
       Potion            |       |     1 |     1 |     1 ||     3
 Stab: Sleeping          |       |       |     1 |     1 ||     2
  Eat: Chunk             |     1 |     7 |    16 |     7 ||    31
       Fruit             |       |       |     1 |       ||     1
       Beef jerky        |       |       |     1 |       ||     1
Armor: Robe              |     1 |     1 |     7 |     3 ||    12
Dodge: Dodged            |    16 |    10 |    31 |    18 ||    75
